 Dungeon Crawl Stone Soup version 0.27.1-34-g3ba077fa99 (webtiles) character file.

Game seed: 7377111281311808255

2 MacCMillion the Firebug (level 1, 0/10 HPs)
             Began as a Deep Elf Fire Elementalist on Jan 2, 2022.
             Constricted to death by a ball python (1 damage)
             ... on level 1 of the Dungeon.
             The game lasted 00:01:12 (65 turns).

MacCMillion the Firebug (Deep Elf Fire Elementalist)  Turns: 65, Time: 00:01:13

Health: 0/10       AC:  2    Str:  5    XL:     1   Next: 25%
Magic:  1/6        EV:  9    Int: 19    God:
Gold:   0          SH:  0    Dex: 15    Spells: 5/6 levels left

rFire    . . .     SeeInvis .   (no weapon)
rCold    . . .     Faith    .   (no shield)
rNeg     . . .     Spirit   .   a - +0 robe
rPois    .         Reflect  .   (no helmet)
rElec    .         Harm     .   (no cloak)
rCorr    .         Rampage  .   (no gloves)
Will     .....                  (no boots)
Stlth    ++........             (no amulet)
HPRegen  0.03/turn              (no ring)
MPRegen  0.10/turn              (no ring)

@: constricted
A: no striking features
a: no special abilities


You were on level 1 of the Dungeon.
You visited 1 branch of the dungeon, and saw 1 of its levels.

Inventory:

Armour
 a - a +0 robe (worn)


   Skills:
 - Level 2.4 Dodging
 - Level 2.4 Stealth
 - Level 3.0 Spellcasting
 + Level 1.2 Conjurations
 + Level 3.3 Fire Magic


You had 5 spell levels left.
You knew the following spells:

 Your Spells              Type           Power      Damage    Failure   Level
a - Foxfire               Conj/Fire      44%        2x1d6     6%          1

Your spell library contained the following spells:

 Spells                   Type           Power      Damage    Failure   Level
 Conjure Flame            Conj/Fire      11%        6-21      19%         3
 Inner Flame              Hex/Fire       9%         N/A       22%         3
 Sticky Flame             Conj/Fire      11%        2d3       52%         4
 Fireball                 Conj/Fire      5%         3d5       86%         5


Dungeon Overview and Level Annotations

Branches:
Dungeon (1/15)

Altars:


Message History

You kill the kobold!
The foxfire hits the frilled lizard.
You kill the frilled lizard!
A rat comes into view.
Casting: Foxfire (safe; 6% risk of failure)
Confirm with . or Enter, or press ? or * to list all spells.
You conjure some foxfire!
The foxfire hits the hobgoblin.
The hobgoblin is lightly wounded.
The foxfire hits the hobgoblin.
The hobgoblin is almost dead.
The hobgoblin hits you.
Casting: Foxfire (safe; 6% risk of failure)
Confirm with . or Enter, or press ? or * to list all spells.
You conjure some foxfire!
The ball python bites you. The ball python closely misses you.
The hobgoblin barely misses you.
The foxfire hits the hobgoblin but does no damage.
The hobgoblin is almost dead.
The foxfire hits the rat.
The rat is moderately wounded.
The ball python closely misses you. The ball python barely misses you.
The hobgoblin closely misses you.
The ball python bites you but does no damage.
The ball python closely misses you.
Casting: Foxfire (safe; 6% risk of failure)
Confirm with . or Enter, or press ? or * to list all spells.
You conjure some foxfire!
The foxfire hits the rat.
You kill the rat!
The hobgoblin hits you but does no damage.
The ball python bites you. The ball python barely misses you.
Your foxfire dissipates!
The hobgoblin barely misses you. The ball python closely misses you.
The ball python grabs you. The ball python constricts you.
Casting: Foxfire (safe; 6% risk of failure)
Confirm with . or Enter, or press ? or * to list all spells.
You conjure some foxfire!
The hobgoblin hits you.
* * * LOW HITPOINT WARNING * * *
The ball python bites you but does no damage.
The ball python constricts you.
You die...

#.......#
#.#####.###
####.#####.#.##
#....##.....#.
#####.##.##.##.#.#
PPPPP.P.....P..#.##
PPP........PP.....#


P..PPPPP..PPP.†gSv# .PPP.ll.PP.PPP#v@.# .PP.PPP..P.PPP##### PP.PP.PP.PP.PP#
P.PP.P.PP.P.PP# P.P.PPP.P.P.PP# P.PP.P.PP.P.PP##### PP.PP.PP.PP.PP.....
.PP.PPP.PP.PPP##### .PPP...PPP.PPP# You could see a hobgoblin (ally target) and
a ball python (ally target).

Vanquished Creatures
  A frilled lizard (D:1)
  A kobold (D:1)
  A rat (D:1)
3 creatures vanquished.

Vanquished Creatures (others)
  8 foxfires (D:1)
  16 plants (D:1)
24 creatures vanquished.

Grand Total: 27 creatures vanquished

Notes
Turn   | Place    | Note
-------+----------+-------------------------------------------
     0 | D:1      | MacCMillion the Deep Elf Fire Elementalist began the quest
                  | for the Orb.
     0 | D:1      | Reached XP level 1. HP: 10/10 MP: 6/6
    65 | D:1      | Constricted to death by a ball python

Illustrated notes

Levels and vault maps discovered:
D:1:      roderic_crop_circles_arrival_small, layout_loops_ring, serial_shops,
          shop, shop, basic_ecumenical_altar, grunt_decor_cap, minmay_tall_x

Action                   || total
-------------------------++-------
Melee: Unarmed           ||     3
 Cast: Foxfire           ||     6
Armor: Robe              ||     3
Dodge: Dodged            ||    11
